 Dungeon Crawl Stone Soup version 0.28-a0-980-g3664467d6e (webtiles) character file.

Game seed: 644911260525790715

93 GregHouse the Chopper (level 4, 0/40 HPs)
             Began as a Hill Orc Monk on Dec 2, 2021.
             Was a Believer of Beogh.
             Slain by an orc wizard (1 damage)
             ... on level 4 of the Dungeon.
             The game lasted 00:11:18 (2948 turns).

GregHouse the Chopper (Hill Orc Monk)               Turns: 2948, Time: 00:11:19

Health: 0/40       AC:  7    Str: 15    XL:     4   Next: 61%
Magic:  4/4        EV: 10    Int: 10    God:    Beogh [**....]
Gold:   49         SH:  0    Dex: 13    Spells: 3/3 levels left

rFire   . . .      SeeInvis .   a - +0 hand axe
rCold   . . .      Faith    .   (no shield)
rNeg    . . .      Spirit   .   r - +0 scale mail
rPois   .          Reflect  .   (no helmet)
rElec   .          Harm     .   o - +0 cloak
rCorr   .          Rampage  .   (no gloves)
Will    .....                   (no boots)
Stlth   ..........              (no amulet)
HPRegen 0.13/turn               (no ring)
MPRegen 0.09/turn               (no ring)

@: confused
A: no striking features
a: Renounce Religion, Smiting


You were on level 4 of the Dungeon.
You worshipped Beogh.
Beogh was pleased with you.
You visited 1 branch of the dungeon, and saw 4 of its levels.

You collected 49 gold pieces.

Inventory:

Hand Weapons
 a - a +0 hand axe (weapon)
Armour
 b - a +0 robe
 g - a +0 leather armour
 o - a +0 cloak (worn)
 r - a +0 scale mail (worn)
Jewellery
 d - a ring of willpower
 j - a ring of magical power
Scrolls
 c - a scroll of silence {unknown}
 f - a scroll of blinking {unknown}
 i - a scroll of enchant weapon {unknown}
 l - 2 scrolls of identify
 m - a scroll of torment {unknown}
 p - a scroll of magic mapping {unknown}
Potions
 e - 3 potions of brilliance
 h - a potion of curing {unknown}
 k - a potion of mutation {unknown}
 n - a potion of resistance {unknown}
 q - a potion of might {unknown}


   Skills:
 + Level 4.2 Fighting
 + Level 5.4 Axes
 + Level 1.2 Armour
 + Level 2.9 Dodging
 + Level 1.9 Stealth


You had 3 spell levels left.
You didn't know any spells.
Your spell library contained the following spells:

 Spells                   Type           Power      Damage    Failure   Level
 Magic Dart               Conj           0%         1d3       83%         1
 Searing Ray              Conj           0%         2d4       93%         2
 Fulminant Prism          Conj/Hex       0%         3d6       100%        4


Dungeon Overview and Level Annotations

Branches:
Dungeon (4/15)
 Temple: D:4-7

Altars:
Uskayaw


Message History

You hit the orc. The orc closely misses you.
You closely miss the orc.
The orc is moderately wounded.
The orc hits you with a +0 morningstar. The orc wizard casts a spell at you.
The magic dart hits you!
* * * LOW HITPOINT WARNING * * *
You completely miss the orc.
The orc is moderately wounded.
The orc hits you with a +0 morningstar.
* * * LOW HITPOINT WARNING * * *
An orc comes into view. It is wielding a +0 club.
You barely miss the orc wizard. You hit the orc but do no damage.
The orc hits you with a +0 morningstar.
* * * LOW HITPOINT WARNING * * *
The orc wizard hits you with a +0 dagger.
* * * LOW HITPOINT WARNING * * *
You closely miss the orc wizard. You closely miss the orc.
The orc closely misses you.
The orc wizard hits you but does no damage.
The orc shouts!
You hit the orc wizard.
The orc wizard is lightly wounded.
You hit the orc but do no damage.
The orc wizard gestures wildly while chanting.
The orc wizard flickers and vanishes!
Deactivating autopickup; reactivate with Ctrl-A.
The orc throws a boomerang.
The boomerang barely misses you. The orc hits you but does no damage.
As you read the scroll labelled HUMYAZ MUDEJ, it crumbles to dust.
It is a scroll of identify.
e - 3 potions of brilliance You hear some strange, mumbled words.
You are confused.
The orc hits you but does no damage. The orc barely misses you.
Okay, then.
You are too confused!
You bump into the rock wall.
Something hits you.
You die...
Beogh appreciates something's killing of a heretic priest.

PP..≈≈...P≈.
###.≈.≈≈≈≈≈≈≈≈≈≈≈≈≈
#≈≈≈r≈..≈≈≈≈≈≈≈≈≈≈≈
≈≈≈≈≈≈≈≈≈≈≈≈≈P≈≈≈≈
≈≈≈≈≈≈PPPP?.≈..≈.
######.P.≈..≈.≈......
##...@{............#
#...|oo............#
#.#####o...).......#
#.# #..).[.....#.#
#.# #.#######..# #.#
#.. #..# #.# #.. #..#
#.# #... #..# #.#
#... #..#


You could see 3 orcs.

Vanquished Creatures
  An adder (D:2)
  A worm (D:2)
  3 dart slugs (D:1)
  4 orcs
  9 bats
  7 endoplasms
  3 giant cockroaches
  8 goblins
  9 hobgoblins
  A jackal (D:3)
  3 quokkas (D:1)
  3 frilled lizards
  6 kobolds
  2 rats
60 creatures vanquished.

Vanquished Creatures (others)
  A goblin (D:3)
  2 jackals (D:3)
  5 fungi (D:3)
  2 plants (D:4)
10 creatures vanquished.

Grand Total: 70 creatures vanquished

Notes
Turn   | Place    | Note
-------+----------+-------------------------------------------
     0 | D:1      | GregHouse the Hill Orc Monk began the quest for the Orb.
     0 | D:1      | Reached XP level 1. HP: 19/19 MP: 1/1
   225 | D:1      | Reached XP level 2. HP: 27/27 MP: 2/2
   895 | D:1      | Reached XP level 3. HP: 31/33 MP: 3/3
  1099 | D:1      | Reached skill level 5 in Axes
  1841 | D:2      | Reached XP level 4. HP: 18/40 MP: 4/4
  2657 | D:3      | Reached skill level 1 in Armour
  2669 | D:3      | Became a worshipper of Beogh the Brigand
  2669 | D:3      | Reached * piety under Beogh
  2669 | D:3      | Reached ** piety under Beogh
  2835 | D:3      | Found a hide-covered altar of Uskayaw.
  2873 | D:3      | You fall into a shaft and drop 1 floor!
  2944 | D:4      | HP: 2/40 [orc (3)]
  2948 | D:4      | Slain by an orc wizard

Illustrated notes

Levels and vault maps discovered:
D:1:      matt_arrival_refuge, layout_loops_cross, st_stairs_2,
          nrook_loot_triangle
D:2:      layout_basic
D:3:      layout_basic, mainiacjoe_overflow_six_doors_small,
          mainiacjoe_overflow_chevrons
D:4:      layout_basic, mainiacjoe_overflow_paths,
          yredelemnul_forgotten_temple_becter, chequers_big_river

Skill      XL: |  1  2  3  4 |
---------------+-------------+-----
Fighting       | 4 |  4.2
Axes           | 5 |  5.4
Armour         | 1 |  1.2
Dodging        | |  2.9
Stealth        | |  1.9

Action                   |  1- 3 |  4- 6 || total
-------------------------+-------+-------++-------
Melee: Hand axe          |   133 |    75 ||   208
Invok: Convert to Beogh  |       |     1 ||     1
  Use: Scroll            |       |     1 ||     1
 Stab: Sleeping          |     3 |       ||     3
Armor: Robe              |    13 |       ||    13
       Leather armour    |    26 |    10 ||    36
       Scale mail        |       |     4 ||     4
Dodge: Dodged            |    96 |    31 ||   127

Table legend: (Time is in decaauts)
 A = Elapsed time spent in this place.
 B = Non-inter-level travel time spent in this place.
 C = Inter-level travel time spent in this place.
 D = Time resting spent in this place.
 E = Time spent auto-exploring this place.
 F = Levels seen in this place.
 G = Mean time per level.
                   A        B        C        D        E       F      G
               +--------+--------+--------+--------+--------+-----+--------+
         Total |   2966 |   2892 |     74 |    805 |   1220 |   4 |  741.5 |
       Dungeon |   2966 |   2892 |     74 |    805 |   1220 |   4 |  741.5 |
               +--------+--------+--------+--------+--------+-----+--------+

Top non-repeatable levels by time:
     D:1: 1352 daAuts
     D:2: 1172 daAuts
     D:3: 354 daAuts
     D:4: 87 daAuts
